 Dungeon Crawl Stone Soup version 0.25-a0-185-g6cfeca7 (webtiles) character file.

Game seed: 1804033348462722809, levelgen mode: deterministic

915 TheGoonsmith the Conjurer (level 8, 0/44 HPs)
             Began as a Gargoyle Fire Elementalist on Nov 28, 2019.
             Killed from afar by Dowan (9 damage)
             ... with a stone arrow
             ... on level 4 of the Dungeon.
             The game lasted 00:09:07 (5395 turns).

TheGoonsmith the Conjurer (GrFE)                    Turns: 5395, Time: 00:09:08

Health: 0/44       AC: 18    Str: 13    XL:     8   Next: 9%
Magic:  2/15       EV: 12    Int: 17    God:
Gold:   107        SH:  0    Dex: 10    Spells: 8/16 levels left

rFire    . . .     SeeInvis .   e - +3 flail (protect)
rCold    . . .     Gourm    .   (no shield)
rNeg     + . .     Faith    .   a - +0 robe
rPois    ∞         Spirit   .   x - +0 helmet
rElec    +         Reflect  .   u - +0 cloak
rCorr    +         Harm     .   d - +1 pair of gloves
MR       .....                  (no boots)
Stlth    ++........             (no amulet)
HPRegen  0.14/turn              m - ring of resist corrosion
MPRegen  0.14/turn              (no ring)

@: protection aura
A: negative energy resistance 1, electricity resistance, unbreathing,
petrification resistance, rot immunity, AC +5
a: no special abilities


You were on level 4 of the Dungeon.
You were not hungry.

You visited 1 branch of the dungeon, and saw 4 of its levels.

You collected 107 gold pieces.

Inventory:

Hand Weapons
 e - a +3 flail of protection (weapon)
 l - a +0 dagger
Missiles
 n - a throwing net (quivered)
Armour
 a - a +0 robe (worn)
 d - a +1 pair of gloves (worn)
 k - a +0 ring mail
 u - a +0 cloak (worn)
 x - a +0 helmet (worn)
Jewellery
 m - a ring of resist corrosion (left hand)
Wands
 t - a wand of iceblast (7)
Scrolls
 g - 4 scrolls of identify
 i - 6 scrolls of teleportation
 p - 2 scrolls of remove curse
Potions
 b - a potion of heal wounds {unknown}
 f - a potion of agility {unknown}
 h - a potion of flight {unknown}
 j - a potion of degeneration {unknown}
 q - a potion of invisibility {unknown}
 r - a potion of berserk rage {unknown}
 s - a potion of mutation {unknown}
 w - a potion of lignification {unknown}
Comestibles
 c - 3 rations


   Skills:
 - Level 2.0 Fighting
 - Level 1.5 Dodging
 - Level 2.1 Stealth
 + Level 4.7 Spellcasting
 + Level 5.9 Conjurations
 + Level 5.6 Fire Magic


You had 8 spell levels left.
You knew the following spells:

 Your Spells              Type           Power        Failure   Level  Hunger
a - Flame Tongue          Conj/Fire      ###..        1%          1    None
c - Conjure Flame         Conj/Fire      ###.....     4%          3    ###....
s - Sticky Flame          Conj/Fire      ###.....     13%         4    ####...

Your spell library contained the following spells:

 Spells                   Type           Power        Failure   Level  Hunger
 Throw Flame              Conj/Fire      ###...       1%          2    #......
 Inner Flame              Hex/Fire       ##......     14%         3    ###....
 Fireball                 Conj/Fire      ###.......   36%         5    ######.


Dungeon Overview and Level Annotations

Branches:
Dungeon (4/15)
 Temple: D:4-7

Altars:
Hepliaklqana
Trog
Zin

Annotations:
D:4 Dowan


Innate Abilities, Weirdness & Mutations

You are resistant to torment.
Your stone body is resilient. (AC +5)
You are immune to poison.
You resist negative energy. (rN+)
You are resistant to electric shocks. (rElec)
You can survive without breathing.
You are immune to petrification.
You are immune to rotting.


Message History

The shard of ice hits you!
* * * LOW HITPOINT WARNING * * *
Dowan hits you but does no damage.
Casting: Flame Tongue (safe; 1% risk of failure)
Confirm with . or Enter, or press ? or * to list all spells.
You don't have enough magic to cast that spell.
Unknown command.
Casting: Flame Tongue (safe; 1% risk of failure)
Confirm with . or Enter, or press ? or * to list all spells.
Okay, then.
Casting: Flame Tongue (safe; 1% risk of failure)
Confirm with . or Enter, or press ? or * to list all spells.
Aiming: Flame Tongue (safe; 1% risk of failure)
Press: ? - help, Shift-Dir - straight line, f - Dowan
Aim: Dowan, wielding a +0 dagger and wearing a +0 robe (severely wounded, fast)
The flame tongue hits Dowan.
Dowan is almost dead.
Dowan points at you and mumbles some strange words.
The stone arrow hits you!
You die...

.##..........# *###.#....####.#.
.##..........# ####...##.#......
.##....).....####.......#.#...<..
.######.###.......###...#........
.#....#.# ###########...#......##
...#....##### #.......##....#.##
...#........# #.####...####.#...
...#..#.###.# #.#......# #.###.
...#......#,***#@#.####.## #...#.
..#.......#,,,,#e#.......# #.#.#.
.........<#***,#.#.....(.###.#.#.
.##.##.#.##***,#....._.#..####.#.
.*#....#..,,,,,#.......#..# #.#.
,*##############.......#..# #.#.
,* #............##.####.## **
#......#.....##......# *******
#......#.....##..#####


You could see Dowan.

Vanquished Creatures
  Sigmund (D:3)
  Edmund (D:4)
  Duvessa (D:4)
  2 ogres
  2 howler monkeys (D:4)
  A crimson imp (D:3)
  Crazy Yiuf (D:3)
  An orc wizard (D:3)
  An orc priest (D:2)
  Ijyb (D:3)
  Robin (D:3)
  5 adders
  An ooze (D:2)
  A worm (D:2)
  2 dart slugs
  3 leopard geckos
  An orc (D:3)
  A ball python (D:3)
  3 giant cockroaches
  8 hobgoblins
  6 jackals
  6 kobolds
  A quokka (D:3)
  6 bats
  9 frilled lizards
  25 goblins
  6 rats
97 creatures vanquished.

Notes
Turn   | Place    | Note
-------+----------+-------------------------------------------
     0 | D:1      | TheGoonsmith the Gargoyle Fire Elementalist began the quest
                  | for the Orb.
     0 | D:1      | Reached XP level 1. HP: 10/10 MP: 3/3
   177 | D:1      | Reached XP level 2. HP: 15/15 MP: 1/5
   570 | D:1      | Reached XP level 3. HP: 19/19 MP: 0/6
  1591 | D:2      | Reached XP level 4. HP: 24/24 MP: 6/8
  2059 | D:2      | Found a hazy altar of Hepliaklqana.
  2164 | D:2      | Found a bloodstained altar of Trog.
  2817 | D:3      | Found a runed translucent door.
  2818 | D:3      | Noticed Crazy Yiuf
  2896 | D:3      | Reached XP level 5. HP: 28/28 MP: 0/9
  3031 | D:3      | Noticed Sigmund
  3058 | D:3      | Learned a level 3 spell: Conjure Flame
  3063 | D:3      | Learned a level 4 spell: Sticky Flame
  3099 | D:3      | Noticed an ogre
  3127 | D:3      | Killed an ogre
  3365 | D:3      | Noticed Ijyb
  3374 | D:3      | HP: 1/28 [Ijyb/iceblast (17)]
  3378 | D:3      | Killed Ijyb
  3378 | D:3      | Reached XP level 6. HP: 1/32 MP: 3/11
  3969 | D:3      | Noticed Robin
  3975 | D:3      | Killed Robin
  4551 | D:3      | Killed Sigmund
  4551 | D:3      | Reached skill level 5 in Fire Magic
  4551 | D:3      | Reached XP level 7. HP: 32/36 MP: 0/13
  4879 | D:3      | Killed Crazy Yiuf
  5039 | D:4      | Reached skill level 5 in Conjurations
  5124 | D:4      | Found a glowing silver altar of Zin.
  5143 | D:4      | Noticed Edmund
  5156 | D:4      | Killed Edmund
  5156 | D:4      | Reached skill level 1 in Fighting
  5354 | D:4      | Noticed Duvessa
  5354 | D:4      | Noticed Dowan
  5391 | D:4      | Killed Duvessa
  5391 | D:4      | Reached XP level 8. HP: 39/44 MP: 2/15
  5395 | D:4      | Killed from afar by Dowan

Levels and vault maps discovered:
D:1:      ncdulo_halloftheorcs, layout_basic, minmay_misc_feat_roman
D:2:      layout_loops_ring, lightli_temple_of_fire, lemuel_doored_altar,
          serial_co_window_serial, co_window_of_opportunity_a,
          co_window_paths_a, co_window_paths_b, co_window_of_opportunity_a,
          co_window_corner_a, co_window_corner_b, co_window_broadway_a,
          co_window_cross_3, co_window_of_opportunity_c, co_window_corner_b,
          co_window_corner_cb, co_window_2corner
D:3:      layout_loops_ring, kennysheep_flooded_box, serial_park_tiny_2,
          hangedman_feature_mirror, uniq_ijyb, uniq_sigmund,
          uniq_crazy_yiuf_cottage, uniq_robin
D:4:      layout_basic, overflow_temple_1_default, uniq_pikel, uniq_duvessa,
          uniq_edmund

Skill      XL: |  1  2  3  4  5  6  7 |
---------------+----------------------+-----
Conjurations   | 2 3 4 5 |  5.9
Spellcasting   | 3 4 |  4.7
Fire Magic     | 4 5 |  5.6
Fighting       | 2 |  2.0
Dodging        | |  1.5
Stealth        | |  2.1

Action                   |  1- 3 |  4- 6 |  7- 9 || total
-------------------------+-------+-------+-------++-------
Melee: Unarmed           |    63 |       |       ||    63
       Dagger            |       |    29 |    18 ||    47
       Flail             |       |       |     6 ||     6
 Cast: Flame Tongue      |    64 |   102 |    34 ||   200
       Conjure Flame     |       |     3 |     4 ||     7
       Sticky Flame      |       |     2 |     2 ||     4
Evoke: Wand              |       |     2 |       ||     2
  Use: Potion            |     1 |       |       ||     1
       Scroll            |       |     1 |     5 ||     6
 Stab: Sleeping          |       |     1 |       ||     1
  Eat: Chunk             |     3 |     9 |     1 ||    13
       Ration            |       |       |     1 ||     1
Armor: Robe              |    32 |    33 |     6 ||    71
Dodge: Dodged            |    60 |    32 |    15 ||   107

Table legend:
 A = Non-vault XP
 B = Vault XP
 C = Vault XP percentage of total XP
 D = Non-vault monster count
 E = Vault monster count
 F = Vault count percentage of total count
                 A         B        C        D         E       F
            +---------+---------+-------+---------+---------+-------
      Total |     541 |     767 |  58.6 |      77 |      20 |  20.6
            +---------+---------+-------+---------+---------+-------
        D:1 |      59 |       0 |   0.0 |      35 |       0 |   0.0
        D:2 |     127 |       2 |   1.6 |      24 |       1 |   4.0
        D:3 |     125 |     452 |  78.3 |      14 |      17 |  54.8
        D:4 |     230 |     313 |  57.6 |       4 |       2 |  33.3
            +---------+---------+-------+---------+---------+-------
